 Dungeon Crawl Stone Soup version 0.31.0-9-g3a7656b989 (webtiles) character file.

Game seed: 17213110983467862109

242 qw the Shooter (level 5, -8/26 HPs)
             Began as a Spriggan Hunter on Feb 2, 2024.
             Mangled by Pikel
             ... wielding a +2 whip of electrocution
              (10 damage)
             ... on level 4 of the Dungeon.
             The game lasted 00:00:11 (2769 turns).

qw the Shooter (Spriggan Hunter)                    Turns: 2769, Time: 00:00:12

Health: -8/26      AC:  2    Str:  7    XL:     5   Next: 82%
Magic:  6/6        EV: 21    Int: 10    God:
Gold:   191        SH:  0    Dex: 21    Spells: 4/4 levels left

rFire   . . .        a - +1 shortbow
rCold   . . .        (shield currently unavailable)
rNeg    . . .        c - +0 robe
rPois   +            (helmet restricted)
rElec   .            (no cloak)
rCorr   .            (gloves unavailable)
SInv    +            (boots unavailable)
Will    .....        (no amulet)
Stlth   ++           g - ring of poison resistance
HPRegen 0.24/turn    (no ring)
MPRegen 0.10/turn

%: no passive effects
@: about to teleport, hasted, very quick
A: very small, no large weapons, unfitting armour, see invisible, speed 3
a: no special abilities


You were on level 4 of the Dungeon.
You visited 1 branch of the dungeon, and saw 4 of its levels.

You collected 191 gold pieces.


Innate Abilities, Weirdness & Mutations

You are very small and have problems with some larger weapons.
You are too small for most types of armour.
You have supernaturally acute eyesight. (SInv)
You cover ground extremely quickly. (Speed+++)


   Skills:
 - Level 2.0 Fighting
 - Level 6.0 Ranged Weapons
 + Level 5.3 Dodging
 - Level 1.5 Stealth


You had 4 spell levels left.
You didn't know any spells.
Your spell library was empty.

Inventory:

Hand Weapons
 a - a +1 shortbow (weapon)
Armour
 c - a +0 robe (worn)
Jewellery
 e - an amulet of faith
 g - a ring of poison resistance (left hand)
Scrolls
 j - a scroll of teleportation
 l - a scroll of enchant armour
Potions
 b - a potion of curing
 f - a potion of enlightenment {unknown}
 h - a potion of mutation
 i - a potion of magic {unknown}

Dungeon Overview and Level Annotations

Branches:
Dungeon (4/15)
 Temple: D:4-7

Altars:
The Shining One

Annotations:
D:4 Pikel


Message History

Pikel zaps a wand.
You resist with significant effort.
Your Ranged Weapons skill increases to level 6!
You shoot an arrow. The arrow barely misses the goblin.
The arrow closely misses the lemure.
The arrow closely misses Pikel.
The arrow hits the lemure but does no damage.
You shoot an arrow. The arrow hits the goblin.
The goblin is moderately wounded.
You shoot an arrow. The arrow barely misses the goblin.
The goblin hits you with a +0 dagger.
You shoot an arrow. The arrow barely misses the goblin.
The arrow closely misses the goblin.
The goblin hits you with a +0 dagger.
You shoot an arrow. The arrow barely misses the goblin.
The arrow hits the goblin.
You kill the goblin!
The goblin hits you with a +0 dagger.
You shoot an arrow. The arrow closely misses the goblin.
The arrow hits Pikel.
Pikel is lightly wounded.
You shoot an arrow. The arrow hits the goblin.
The goblin is severely wounded.
The goblin hits you with a +0 dagger.
You shoot an arrow. The arrow hits the goblin!
You kill the goblin!
You shoot an arrow. The arrow misses the lemure.
The arrow hits Pikel.
Pikel is moderately wounded.
You shoot an arrow. The arrow closely misses Pikel.
The arrow hits the lemure.
The lemure is lightly wounded.
You shoot an arrow. The arrow barely misses Pikel.
The arrow hits the lemure!
The lemure is heavily wounded.
You shoot an arrow. The arrow closely misses Pikel.
The arrow hits the lemure!
The lemure is severely wounded.
Pikel zaps a wand.
Your mind is blasted!
Ouch! That really hurt!
2769 ||| READING 2 scrolls of teleportation.
As you read the scroll of teleportation, it crumbles to dust.
You feel strangely unstable.
The goblin no longer looks unusually strong.
Pikel hits you with a +2 whip of electrocution!
You die...
Pikel says, "See you in Hell!"

....##.# ....##
.......## .....#
........##
##.... .
..#......####..#
.)
######........#
... #
##.....##..##
....
##......###..##
.... ###.......#
##..##55#
#.....##..#
##.@K55#
.....####.#
#.##g...# ##..##
#.# #..# .....
#..# #.# #.##
.##. ##... ..#
.. # ..### ##.
### ##. # ##


You could see Pikel, 4 lemures and a goblin.

Vanquished Creatures
  A howler monkey (D:4)
  A bombardier beetle (D:3)
  Robin (D:4)
  A gnoll (D:1)
  5 adders
  4 ribbon worms (D:2)
  3 dart slugs
  4 orcs
  3 ball pythons
  7 bats
  11 endoplasms
  4 giant cockroaches
  9 goblins
  5 hobgoblins
  2 jackals (D:2)
  7 kobolds
  4 quokkas
  6 frilled lizards
  8 rats
86 creatures vanquished.

Notes
Turn   | Place    | Note
-------+----------+-------------------------------------------
     0 | D:1      | qw the Spriggan Hunter began the quest for the Orb.
     0 | D:1      | Reached XP level 1. HP: 10/10 MP: 2/2
     0 | D:1      | 0 ||| qw: Version: 0.3-a-155-g5e7d8dd
     0 | D:1      | 0 ||| qw: Game counter: 1036
     0 | D:1      | 0 ||| qw: Melee chars always use a shield: true
     0 | D:1      | 0 ||| qw: God list: Okawaru
     0 | D:1      | 0 ||| qw: Allow faded altars: false
     0 | D:1      | 0 ||| qw: Do Orc after clearing Dungeon:15 true
     0 | D:1      | 0 ||| qw: Do second Lair branch before Depths: true
     0 | D:1      | 0 ||| qw: Lair rune preference: random
     0 | D:1      | 0 ||| qw: Goals: Normal
     0 | D:1      | 0 ||| PLANNING D:1-11
    81 | D:1      | Reached skill level 3 in Dodging
    99 | D:1      | Reached XP level 2. HP: 14/14 MP: 3/3
   578 | D:1      | Reached XP level 3. HP: 18/18 MP: 4/4
   700 | D:1      | 700 ||| UPGRADING to ring of poison resistance.
   701 | D:1      | 701 ||| READING scroll labelled KOANKUANIPN.
   702 | D:1      | 702 ||| READING scroll labelled FUDAUN QAKEFA.
   803 | D:1      | 803 ||| READING scroll labelled ZAUGGU LEEFEIRCHONG.
   804 | D:1      | 804 ||| READING scroll labelled YCUMYFR JAZIN.
   804 | D:1      | 804 ||| ENCHANTING +0 shortbow.
   805 | D:1      | 805 ||| DROPPING scroll of butterflies.
   932 | D:2      | Found a faded altar of an unknown god.
   933 | D:2      | 933 ||| READING scroll labelled LIENNANIOPN.
  1109 | D:2      | Reached skill level 5 in Ranged Weapons
  1176 | D:2      | Reached XP level 4. HP: 22/22 MP: 5/5
  1622 | D:2      | 1622 ||| READING 3 scrolls labelled NAIM HIFFAFU.
  1622 | D:2      | 1622 ||| IDENTIFYING green potion
  1623 | D:2      | 1623 ||| READING 2 scrolls of identify.
  1623 | D:2      | 1623 ||| IDENTIFYING golden potion
  1624 | D:2      | 1624 ||| READING scroll of identify.
  1624 | D:2      | 1624 ||| IDENTIFYING amethyst potion
  1625 | D:2      | 1625 ||| READING scroll labelled DOONEPOXTA.
  1667 | D:2      | 1667 ||| READING scroll labelled QANKIO PUDE.
  1667 | D:2      | 1667 ||| ENCHANTING +1 shortbow.
  1668 | D:2      | 1668 ||| DRINKING 2 inky potions.
  1669 | D:2      | 1669 ||| DROPPING potion of lignification.
  1670 | D:2      | 1670 ||| DROPPING potion of brilliance.
  1671 | D:2      | 1671 ||| DROPPING potion of degeneration.
  1885 | D:3      | 1885 ||| FLEEEEING.
  1982 | D:3      | Found a glowing golden altar of the Shining One.
  2056 | D:3      | Reached XP level 5. HP: 26/26 MP: 6/6
  2371 | D:3      | 2371 ||| READING scroll of identify.
  2371 | D:3      | 2371 ||| IDENTIFYING fuming puce potion
  2372 | D:3      | 2372 ||| READING scroll labelled GIFES XIEMIARAL.
  2373 | D:3      | 2373 ||| READING 2 scrolls labelled FUM RE CERISS.
  2378 | D:3      | 2378 ||| READING scroll labelled XUPRAN VU IMPADGH.
  2379 | D:3      | 2379 ||| DRINKING 2 purple potions.
  2584 | D:4      | 2584 ||| STAIRDANCE
  2611 | D:4      | 2611 ||| STAIRDANCE
  2747 | D:4      | Noticed Robin
  2750 | D:4      | Killed Robin
  2752 | D:4      | Noticed a lemure
  2752 | D:4      | Noticed a lemure
  2752 | D:4      | Noticed Pikel
  2753 | D:4      | 2753 ||| RETREEEEATING.
  2753 | D:4      | Noticed a lemure
  2754 | D:4      | 2754 ||| DRINKING potion of haste.
  2755 | D:4      | Noticed a lemure
  2757 | D:4      | Reached skill level 6 in Ranged Weapons
  2768 | D:4      | HP: 2/26 [disintegration (19)]
  2769 | D:4      | 2769 ||| READING 2 scrolls of teleportation.
  2769 | D:4      | Mangled by Pikel

Levels and vault maps discovered:
D:1:      lemuel_arrival_hallway, layout_basic
D:2:      layout_basic, shapermc_ecumenical_altar_notcrosses,
          grunt_decor_fettered, minmay_randomly_rotated_circles
D:3:      minmay_razor_zed, layout_rooms, mainiacjoe_overflow_brackets,
          hex_intersection, serial_park_tiny_pond
D:4:      layout_layer_cave, hangedman_decor_slide_cut,
          minmay_fractal_squares_5, uniq_pikel, uniq_robin, uniq_grinder

Skill      XL: |  1  2  3  4  5 |
---------------+----------------+-----
Dodging        | 4 5 |  5.3
Ranged Weapons | 5 6 |  6.0
Fighting       | 2 |  2.0
Stealth        | |  1.5

Action                     |  1- 3 |  4- 6 || total
---------------------------+-------+-------++-------
   Fire: Shortbow          |   104 |   114 ||   218
    Use: Scroll            |     5 |    10 ||    15
         Potion            |       |     3 ||     3
 Armour: Robe              |     3 |    14 ||    17
  Dodge: Dodged            |    13 |    31 ||    44

Table legend:
 A = Non-vault XP
 B = Vault XP
 C = Vault XP percentage of total XP
 D = Non-vault monster count
 E = Vault monster count
 F = Vault count percentage of total count
                 A         B        C        D         E       F
            +---------+---------+-------+---------+---------+-------
      Total |     253 |      94 |  27.1 |      62 |      24 |  27.9
            +---------+---------+-------+---------+---------+-------
        D:1 |      49 |       0 |   0.0 |      19 |       0 |   0.0
        D:2 |      72 |      10 |  12.2 |      26 |       6 |  18.8
        D:3 |      73 |      63 |  46.3 |      14 |      14 |  50.0
        D:4 |      59 |      21 |  26.2 |       3 |       4 |  57.1
            +---------+---------+-------+---------+---------+-------
